 Dungeon Crawl Stone Soup version 0.29-a0-321-gf1c400731a (webtiles) character file.

Game seed: 2715799830521578180

45 wakim the Gusty (level 3, -3/20 HPs)
             Began as a Tengu Air Elementalist on Apr 3, 2022.
             Killed from afar by a white imp (9 damage)
             ... with a puff of frost
             ... summoned by Natasha
             ... on level 1 of the Dungeon.
             The game lasted 00:03:19 (1273 turns).

wakim the Gusty (Tengu Air Elementalist)            Turns: 1273, Time: 00:03:20

Health: -3/20      AC:  3    Str:  8    XL:     3   Next: 64%
Magic:  7/7        EV: 12    Int: 17    God:
Gold:   83         SH:  0    Dex: 14    Spells: 3/6 levels left

rFire   . . .      SeeInvis .   a - +2 mace (protect)
rCold   . . .      Faith    .   (no shield)
rNeg    . . .      Spirit   .   P - +0 robe
rPois   .          Reflect  .   (helmet restricted)
rElec   .          Harm     .   (no cloak)
rCorr   .          Rampage  .   S - +0 pair of gloves
Will    .....                   (boots unavailable)
Stlth   ++........              (no amulet)
HPRegen 0.06/turn               (no ring)
MPRegen 0.10/turn               (no ring)

@: no status effects
A: beak, talons 3
a: no special abilities


You were on level 1 of the Dungeon.
You visited 1 branch of the dungeon, and saw 2 of its levels.

You collected 83 gold pieces.

Inventory:

Hand Weapons
 a - a +2 mace of protection (weapon)
Armour
 P - a +0 robe (worn)
 S - a +0 pair of gloves (worn)
Scrolls
 L - a scroll of torment {unknown}
 M - a scroll of magic mapping {unknown}
 N - a scroll of identify {unknown}
 O - a scroll of blinking {unknown}
Potions
 Q - a potion of berserk rage {unknown}
 R - a potion of mutation {unknown}
 T - a potion of attraction {unknown}


   Skills:
 + Level 0.4 Fighting
 - Level 2.1 Dodging
 - Level 2.0 Stealth
 + Level 2.3 Spellcasting
 * Level 3.0 Conjurations
 * Level 4.8 Air Magic


You had 3 spell levels left.
You knew the following spells:

 Your Spells              Type           Power      Damage    Failure   Level
a - Shock                 Conj/Air       60%        1d6       3%          1
d - Static Discharge      Conj/Air       15%        N/A       5%          2

Your spell library contained the following spells:

 Spells                   Type           Power      Damage    Failure   Level
 Swiftness                Air            18%        N/A       8%          3
 Airstrike                Air            9%         N/A       26%         4
 Lightning Bolt           Conj/Air       7%         1d20      71%         5
 Maxwell's Capacitive Co  Air            9%         ∞         100%        8


Dungeon Overview and Level Annotations

Branches:
Dungeon (2/15)

Altars:

Annotations:
D:1 Natasha
D:2 Jessica


Innate Abilities, Weirdness & Mutations

You have a beak for a mouth.
You have claws for feet.


Message History

t - Shout!
Orders for allies: a - Attack new target. r - Retreat! s - Stop attacking. g - Guard the area. f - Follow me.
Anything else - Cancel.
You shout for attention!
Natasha, Servant of Life and Death comes into view. 20/20 (+7)
The zap misses Natasha.
Natasha hisses angrily.
The zap hits Natasha.
Natasha is lightly wounded.
Natasha mumbles some strange words.
Natasha mumbles some strange words.
Casting: Shock (safe; 3% risk of failure)
Confirm with . or Enter, or press ? or * to list all spells.
Natasha is struck by an arc of lightning.
Natasha is moderately wounded.
The white imp is struck by an arc of lightning.
The white imp is moderately wounded.
The lightning grounds out.
Natasha stares at you and mumbles some strange words.
The magic dart hits you!
The white imp hits you but does no damage. 12/20 (-8)
Casting: Static Discharge (safe; 5% risk of failure)
Confirm with . or Enter, or press ? or * to list all spells.
The white imp is struck by an arc of lightning.
The white imp is almost dead.
You are struck by an arc of lightning.
* * * LOW HITPOINT WARNING * * *
The lightning grounds out.
Natasha claws you.
* * * LOW HITPOINT WARNING * * *
The white imp gestures at you.
The puff of frost misses you. 6/20 (-6) Magic courses through your body.
Natasha barely misses you. The white imp gestures at you.
The puff of frost hits you!
You die...

#.....###.#########
#####.#.......#...#
#.#.#.###.#.#.#
#.#.#.###...#.######
###########.#.#.##...........#
#...........#.#..+...........#
#.###########.####...........#
#.# #.......#.###............#
#.###.#####.#@5.#.............
#.#...# #.#h##.#..#########.
#.#.#######..5#.###.# ##
#.#............#.#.## #
#.#....####...###.#.# #
#......####....#.##.##########
######......>..................
#......####..######...#########
#)#..........##################


You could see Natasha, a white imp (summoned) and a shadow imp (summoned).

Vanquished Creatures
  Natasha (D:1)
  2 dart slugs (D:1)
  4 ball pythons (D:1)
  An endoplasm (D:1)
  A giant cockroach (D:1)
  A goblin (D:1)
  A hobgoblin (D:1)
  A jackal (D:1)
  3 kobolds (D:1)
  A frilled lizard (D:1)
  A rat (D:1)
17 creatures vanquished.

Notes
Turn   | Place    | Note
-------+----------+-------------------------------------------
     0 | D:1      | wakim the Tengu Air Elementalist began the quest for the
                  | Orb.
     0 | D:1      | Reached XP level 1. HP: 10/10 MP: 4/4
   175 | D:1      | Reached XP level 2. HP: 15/15 MP: 3/6
   210 | D:1      | Learned a level 2 spell: Static Discharge
   941 | D:1      | Found a faded altar of an unknown god.
  1009 | D:2      | Noticed Jessica
  1009 | D:2      | Noticed Natasha
  1009 | D:2      | Noticed a black bear
  1014 | D:1      | Killed Natasha
  1015 | D:1      | Reached XP level 3. HP: 17/20 MP: 2/7
  1266 | D:1      | Noticed Natasha
  1273 | D:1      | Killed from afar by a white imp

Illustrated notes

Levels and vault maps discovered:
D:1:      dpeg_arrival_fog, layout_basic, shapermc_ecumenical_altar_hornbeckon,
          palyth_stone_intersect, minmay_tripent
D:2:      layout_basic, uniq_jessica, uniq_natasha

Skill      XL: |  1  2 |
---------------+-------+-----
Conjurations   | 2 3 |  3.0
Fighting       | |  0.4
Dodging        | |  2.1
Stealth        | |  2.0
Spellcasting   | |  2.3
Air Magic      | |  4.8

Action                   || total
-------------------------++-------
Melee: Unarmed           ||     1
       Kick              ||     1
 Cast: Shock             ||    30
       Static Discharge  ||     4
  Use: Potion            ||     1
Armor: Robe              ||     1
Dodge: Dodged            ||     5

Table legend: (Time is in decaauts)
 A = Elapsed time spent in this place.
 B = Non-inter-level travel time spent in this place.
 C = Inter-level travel time spent in this place.
 D = Time resting spent in this place.
 E = Time spent auto-exploring this place.
 F = Levels seen in this place.
 G = Mean time per level.
                   A        B        C        D        E       F      G
               +--------+--------+--------+--------+--------+-----+--------+
         Total |   1286 |   1065 |    221 |      0 |    949 |   2 |  643.0 |
       Dungeon |   1286 |   1065 |    221 |      0 |    949 |   2 |  643.0 |
               +--------+--------+--------+--------+--------+-----+--------+

Top non-repeatable levels by time:
     D:1: 1284 daAuts
     D:2: 2 daAuts
